 Dungeon Crawl Stone Soup version 0.20.0-15-g7f486f2 (webtiles) character file.

5959 Omegatherion the Blocker (level 10, -2/66 HPs)
             Began as a Gargoyle Fighter on June 22, 2017.
             Was a Priest of Zin.
             Slain by a komodo dragon (8 damage)
             ... on level 1 of the Lair of Beasts.
             The game lasted 00:26:55 (8941 turns).

Omegatherion the Blocker (Gargoyle Fighter)         Turns: 8941, Time: 00:26:56

Health: -2/66      AC: 19    Str: 21    XL:     10   Next: 84%
Magic:  12/12      EV: 10    Int:  8    God:    Zin [***...]
Gold:   369        SH:  8    Dex: 12    Spells: 9/9 levels left

rFire    . . .     SeeInvis .   y - +1 spear (pierce)
rCold    . . .     Gourm    .   u - +2 buckler {reflect}
rNeg     + + .     Faith    .   N - +0 chain mail
rPois    ∞         Spirit   .   j - +0 helmet
rElec    +         Reflect  +   (no cloak)
rCorr    .         Harm     .   (no gloves)
MR       +....                  A - +0 pair of boots
Stlth    ..........             (no amulet)
Regen    0.3/turn               h - ring of positive energy
MPRegen  0.2/turn               K - ring of protection from magic

@: very slow
A: negative energy resistance 1, electricity resistance, unbreathing,
petrification resistance, rot immunity, AC +7
a: Recite, Vitalisation, Imprison, Donate Gold, Renounce Religion


You were on level 1 of the Lair of Beasts.
You worshipped Zin.
Zin was most pleased with you.
You were near starving.

You visited 3 branches of the dungeon, and saw 11 of its levels.

You collected 410 gold pieces.
You donated 41 gold pieces to Zin.

Inventory:

Hand Weapons
 a - a +0 flail
 e - a +1 hand axe of chopping
 o - a +2 quarterstaff of speed
 y - a +1 spear of piercing (weapon)
 F - a +2 whip of freezing
 H - a +4 whip
Missiles
 v - 5 silver tomahawks (quivered)
Armour
 b - a +0 scale mail
 c - a +0 shield
 j - a +0 helmet (worn)
 u - a +2 buckler of reflection (worn)
 A - a +0 pair of boots (worn)
 G - a +2 robe of magic resistance
 N - a +0 chain mail (worn)
Jewellery
 h - a ring of positive energy (left hand)
 r - a +5 ring of intelligence
 K - a ring of protection from magic (right hand)
Wands
 w - a wand of random effects (33/48)
Scrolls
 g - 4 scrolls of fear
 l - 3 scrolls of fog
 m - 3 scrolls of enchant armour
 n - 3 scrolls of enchant weapon
 B - a scroll of identify
Potions
 d - a potion of curing
 k - 3 potions of agility
 p - 2 potions of mutation
 q - a potion of degeneration
 s - a potion of magic
 x - a potion of resistance
 C - a potion of lignification {unknown}
 I - a potion of cancellation
 L - a potion of might
Comestibles
 f - 3 bread rations
 i - a royal jelly
 t - 3 fruits


   Skills:
 + Level 9.0 Fighting
 + Level 8.0 Maces & Flails
 + Level 5.4 Armour
 * Level 4.9 Dodging
 * Level 10.0 Shields
 + Level 3.2 Invocations


You had 9 spell levels left.
You didn't know any spells.

Dungeon Overview and Level Annotations

Branches:
Dungeon (9/15)             Temple (1/1) D:4            Lair (1/6) D:9
    Orc: D:9-12

Altars:
Ashenzari
Cheibriados
Dithmenos
Elyvilon
Fedhas
Gozag
Hepliaklqana
Kikubaaqudgha
Makhleb
Nemelex Xobeh
Okawaru
Qazlal
Ru
Sif Muna
Trog
Uskayaw
Vehumet
Xom
Yredelemnul
Zin
The Shining One

Annotations:
D:4 Cral's ghost, amateur DsFi
D:8 Xenophilius's ghost, novice MfGl


Innate Abilities, Weirdness & Mutations

You are resistant to torment.
Your stone body is resilient. (AC +7)
You are immune to poison.
You resist negative energy. (rN+)
You are resistant to electric shocks. (rElec)
You can survive without breathing.
You are immune to petrification.
You are immune to rotting.


Message History

The komodo dragon bites you!
* * * LOW HITPOINT WARNING * * *
You closely miss the komodo dragon.
The komodo dragon is moderately wounded.
The komodo dragon barely misses you.
You closely miss the komodo dragon.
The komodo dragon is moderately wounded.
You block the komodo dragon's attack.
Your chain mail prevents you from hitting the komodo dragon.
The komodo dragon is moderately wounded.
The komodo dragon bites you!
* * * LOW HITPOINT WARNING * * *
You hit the komodo dragon.
The komodo dragon is moderately wounded.
You block the komodo dragon's attack.
You enter the shallow water.
Moving in this stuff is going to be slow.
The komodo dragon bites you but does no damage.
The komodo dragon bites you!
You die...

#...###≈####.###
P..≈...≈.≈.....#
..#.≈≈≈≈≈≈.≈..#
...≈≈≈≈≈≈≈≈≈..##
.#≈≈≈≈≈≈≈≈≈≈..P#
.≈.≈≈≈..≈≈≈≈≈.##
.P.≈≈≈≈<.≈≈≈≈.##
..≈≈≈≈≈≈.≈≈≈≈..#
##≈≈≈≈≈≈≈@l≈.#.#
#.≈≈≈≈≈≈≈≈≈.#.#
#...≈≈≈≈≈≈≈....#
##....≈.≈≈.#.P.#
#..##P######.#.#
##. ## #.#.#
##.#.# #..#.#
##.#.#


You could see a komodo dragon.

Vanquished Creatures
  The ghost of GsBirdie the Skirmisher, a novice MiBe of Trog (D:5)
  Pikel (D:5)
  Joseph (D:9)
  A troll (D:9)
  Prince Ribbit (D:9)
  4 yaks (D:9)
  A steam dragon (D:9)
  Menkaure (D:5)
  The ghost of Omegatherion the Cudgeler, an amateur GrFi (D:3)
  A water moccasin (D:7)
  A porcupine (D:9)
  An orc warrior (D:9)
  3 black bears (D:9)
  3 ice beasts
  2 ogres
  2 sky beasts
  A necrophage (D:6)
  A crocodile (Lair:1)
  2 bullfrogs
  A big kobold (D:9)
  A gnoll sergeant (D:9)
  2 scorpions
  4 killer bees (D:7)
  4 howler monkeys
  5 crimson imps
  4 hounds
  A bullfrog zombie (D:6)
  2 jellies
  2 gnoll shamans
  2 orc priests
  3 orc wizards
  Natasha (thrice) (D:3)
  8 worker ants
  A hound zombie (D:9)
  2 worker ant zombies
  11 adders
  9 gnolls
  A shadow imp (D:7)
  An ooze (D:1)
  4 worms
  A dart slug (D:1)
  3 leopard geckos
  20 orcs
  8 bats
  6 giant cockroaches
  8 goblins
  7 hobgoblins
  6 jackals
  4 quokkas
  A ball python (D:1)
  2 frilled lizards (D:1)
  A jackal skeleton (D:8)
  A jackal zombie (D:7)
  5 kobolds
  A leopard gecko skeleton (D:4)
  A quokka zombie (D:5)
  10 rats
185 creatures vanquished.

Vanquished Creatures (others)
  A steam dragon (D:9)
  An ogre (D:5)
  A frilled lizard (D:5)
3 creatures vanquished.

Grand Total: 188 creatures vanquished

Notes
Turn   | Place    | Note
-------+----------+-------------------------------------------
     0 | D:1      | Omegatherion the Gargoyle Fighter began the quest for the Orb.
     0 | D:1      | Reached XP level 1. HP: 14/14 MP: 1/1
    90 | D:1      | Reached XP level 2. HP: 19/19 MP: 2/2
   770 | D:1      | Reached XP level 3. HP: 23/23 MP: 3/3
  1224 | D:2      | You fall through a shaft!
  1247 | D:3      | Reached XP level 4. HP: 29/29 MP: 4/4
  1410 | D:3      | Noticed Omegatherion's ghost (amateur GrFi)
  1416 | D:3      | Killed Omegatherion's ghost
  1416 | D:3      | Reached skill level 5 in Fighting
  1416 | D:3      | Reached XP level 5. HP: 23/35 MP: 5/5
  1491 | D:3      | Noticed Natasha
  1496 | D:3      | Killed Natasha
  1496 | D:3      | Reached XP level 6. HP: 36/40 MP: 6/6
  1597 | D:3      | Noticed Natasha
  1610 | D:3      | Killed Natasha
  1961 | D:3      | Noticed Natasha
  1965 | D:3      | Killed Natasha
  1965 | D:3      | Reached skill level 5 in Maces & Flails
  2386 | D:4      | Noticed Cral's ghost (amateur DsFi)
  2761 | D:4      | Found a staircase to the Ecumenical Temple.
  2767 | Temple   | Entered the Ecumenical Temple
  2921 | Temple   | Became a worshipper of Zin the Law-Giver
  2921 | Temple   | Reached * piety under Zin
  3598 | D:4      | Reached skill level 4 in Shields
  3598 | D:4      | Reached XP level 7. HP: 24/46 MP: 7/7
  3731 | D:5      | Entered Level 5 of the Dungeon
  3759 | D:5      | Found an iron altar of Okawaru.
  3759 | D:5      | Found a bloodstained altar of Trog.
  3886 | D:5      | Reached ** piety under Zin
  3893 | D:5      | Noticed Pikel
  3908 | D:5      | Killed Pikel
  3908 | D:5      | Reached skill level 6 in Shields
  3908 | D:5      | Reached XP level 8. HP: 50/52 MP: 8/8
  3934 | D:5      | Noticed GsBirdie's ghost (novice MiBe)
  3996 | D:5      | Killed GsBirdie's ghost
  3996 | D:5      | Reached skill level 7 in Shields
  4379 | D:5      | Reached XP level 9. HP: 37/58 MP: 9/9
  4504 | D:5      | Noticed Menkaure
  4511 | D:5      | Killed Menkaure
  4733 | D:6      | Reached skill level 1 in Dodging
  4762 | D:6      | Reached skill level 8 in Shields
  5486 | D:6      | Found a hide-covered altar of Uskayaw.
  5486 | D:6      | Found a snail-covered altar of Cheibriados.
  5491 | D:6      | Found an opulent altar of Gozag.
  5493 | D:6      | Found a radiant altar of Vehumet.
  5495 | D:6      | Found a stormy altar of Qazlal.
  5795 | D:7      | Found a glowing silver altar of Zin.
  6923 | D:8      | Reached *** piety under Zin
  6982 | D:8      | Noticed Xenophilius's ghost (novice MfGl)
  7072 | D:9      | Noticed Prince Ribbit
  7087 | D:9      | HP: 2/60 [steam dragon/ball of steam (14)]
  7096 | D:9      | Reached XP level 10. HP: 6/65 MP: 10/10
  7418 | D:9      | Killed Prince Ribbit
  7418 | D:9      | Reached skill level 9 in Shields
  7418 | D:9      | Reached skill level 1 in Invocations
  7437 | D:9      | Noticed Joseph
  7468 | D:9      | Killed Joseph
  7468 | D:9      | Reached skill level 5 in Armour
  7574 | D:9      | HP: 3/65 [orc wizard/magic dart (7)]
  8467 | D:9      | Reached skill level 10 in Shields
  8618 | D:9      | Found a staircase to the Lair.
  8641 | D:9      | HP: 3/66 [orc warrior/trident (8)]
  8864 | D:9      | Noticed a two-headed ogre
  8869 | Lair:1   | Entered Level 1 of the Lair of Beasts
  8941 | Lair:1   | Slain by a komodo dragon

Skill      XL: |  1  2  3  4  5  6  7  8  9 10 |
---------------+-------------------------------+-----
Maces & Flails | 3 4 5 6 7 8 |  8.0
Fighting       | 4 5 6 7 8 9 |  9.0
Shields        | 4 6 7 8 10 | 10.0
Dodging        | 3 4 |  4.9
Armour         | 4 5 |  5.4
Invocations    | 3 |  3.2

Action                   |  1- 3 |  4- 6 |  7- 9 | 10-12 || total
-------------------------+-------+-------+-------+-------++-------
Melee: Flail             |   109 |   179 |    31 |    70 ||   389
       Whip              |       |       |   438 |    92 ||   530
       Spear             |       |       |       |   113 ||   113
       Hand axe          |       |       |       |    82 ||    82
  Use: Potion            |       |     1 |     3 |     2 ||     6
       Scroll            |       |       |    15 |     8 ||    23
  Eat: Chunk             |     1 |     8 |     5 |     2 ||    16
       Meat ration       |       |       |     1 |       ||     1
       Bread ration      |       |       |       |     1 ||     1
Armor: Scale mail        |    60 |    71 |   137 |       ||   268
       Chain mail        |       |       |    26 |   171 ||   197
Dodge: Dodged            |    42 |    62 |   101 |   132 ||   337
Block: Shield            |    62 |    15 |       |       ||    77
       Buckler           |       |    39 |   133 |   150 ||   322
       Reflection        |       |       |       |     2 ||     2
